[Event "CCT Chessable Masters Play-In 2025"]
[Site "Online"]
[Date "2025.02.17"]
[Round "2.69"]
[White "Alonso Rosell, Alvar"]
[Black "Kourkoulos-Arditis, Stamatis"]
[Result "1-0"]
[ECO "D05"]
[WhiteElo "2535"]
[BlackElo "2580"]
[PlyCount "83"]
[EventDate "2025.02.13"]
[EventType "swiss"]
[EventCountry "NET"]
[TimeControl "600"]
[WhiteClock "0:01:20"]
[BlackClock "0:00:21"]

1. d4 d5 2. Nf3 e6 3. e3 Nf6 4. Bd3 b6 5. b3 Bb7 6. Bb2 Bd6 7. Nbd2 O-O 8. Ne5 c5 9. Qf3 Nc6 10. a3 Ne7 11. Qh3 Ng6 12. f4 cxd4 13. Bxd4 Bxe5 14. fxe5 Ne4 15. Bxe4 dxe4 16. Nc4 Rc8 17. O-O-O Bd5 18. Nd6 Bxb3 19. Nxc8 Qxc8 20. Rd2 Bd5 21. Qg4 Qa6 22. Bb2 Ne7 23. Qf4 b5 24. Rf1 Qa4 25. h4 b4 26. axb4 Qxb4 27. h5 h6 28. g4 a5 29. g5 a4 30. Rd4 Qc5 31. gxh6 Nf5 32. Qg5 Rc8 33. Rd2 a3 34. Bd4 a2 35. Rxf5 Qa3+ 36. Kd1 a1=Q+ 37. Bxa1 Qxa1+ 38. Ke2 Bc4+ 39. Kf2 Qf1+ 40. Kg3 Qe1+ 41. Rdf2 g6 42. Rxf7 1-0

[Event "CCT Chessable Masters Play-In 2025"]
[Site "Online"]
[Date "2025.02.17"]
[Round "2.70"]
[White "Vakhidov, Jakhongir"]
[Black "Nigmatov, Ortik"]
[Result "0-1"]
[ECO "A25"]
[WhiteElo "2546"]
[BlackElo "2505"]
[PlyCount "52"]
[EventDate "2025.02.13"]
[EventType "swiss"]
[EventCountry "NET"]
[TimeControl "600"]
[WhiteClock "0:00:47"]
[BlackClock "0:06:44"]

1. c4 e5 2. d3 g6 3. Nc3 Bg7 4. g3 d6 5. Bg2 Nc6 6. e3 f5 7. Rb1 a5 8. a3 Nf6 9. b4 axb4 10. axb4 O-O 11. Nge2 Ne7 12. O-O g5 13. f4 h6 14. e4 gxf4 15. gxf4 Nh5 16. fxe5 dxe5 17. exf5 Nxf5 18. Ne4 Nh4 19. Rxf8+ Qxf8 20. Qf1 Qd8 21. N2g3 Ra2 22. Rb2 Rxb2 23. Bxb2 Nf4 24. Bf3 Qxd3 25. Be2 Qe3+ 26. Kh1 Bh3 0-1

[Event "CCT Chessable Masters Play-In 2025"]
[Site "Online"]
[Date "2025.02.17"]
[Round "2.71"]
[White "Harsha Bharathakoti"]
[Black "Bjerre, Jonas Buhl"]
[Result "0-1"]
[ECO "D38"]
[WhiteElo "2537"]
[BlackElo "2640"]
[PlyCount "106"]
[EventDate "2025.02.13"]
[EventType "swiss"]
[EventCountry "NET"]
[TimeControl "600"]
[WhiteClock "0:00:24"]
[BlackClock "0:00:42"]

1. d4 Nf6 2. c4 e6 3. Nc3 Bb4 4. Nf3 d5 5. Qa4+ Nc6 6. Bd2 O-O 7. a3 Bxc3 8. Bxc3 Ne4 9. Qc2 Nxc3 10. Qxc3 b6 11. e3 dxc4 12. Bxc4 Bb7 13. O-O Ne7 14. Be2 Rc8 15. Rfd1 Qd5 16. Rac1 Rfd8 17. b4 h6 18. h3 Nf5 19. Bc4 Qd6 20. Be2 Qd5 21. Qc2 Nd6 22. Ne1 Qg5 23. Bf3 Bd5 24. Qe2 a5 25. bxa5 Bxf3 26. Nxf3 Qxa5 27. Rd3 c5 28. dxc5 bxc5 29. Qd2 Qa8 30. Rd1 Nb7 31. Qc3 Rxd3 32. Rxd3 c4 33. Rd4 Qa5 34. Qxa5 Nxa5 35. Rd2 Rb8 36. Rc2 Rb1+ 37. Kh2 Rb3 38. Nd2 Rb6 39. Kg3 Kf8 40. Kf3 Ke7 41. Ke2 Rc6 42. Ne4 f5 43. Nd2 Kd6 44. Nf3 Rb6 45. Nd4 g6 46. f4 e5 47. fxe5+ Kxe5 48. g4 fxg4 49. hxg4 Ke4 50. Nf3 h5 51. gxh5 gxh5 52. Nd2+ Kd5 53. Nb1 Rxb1 0-1

[Event "CCT Chessable Masters Play-In 2025"]
[Site "Online"]
[Date "2025.02.17"]
[Round "2.72"]
[White "Henriquez Villagra, Cristobal"]
[Black "Kobalia, Mikhail"]
[Result "0-1"]
[ECO "B80"]
[WhiteElo "2597"]
[BlackElo "2538"]
[PlyCount "50"]
[EventDate "2025.02.13"]
[EventType "swiss"]
[EventCountry "NET"]
[TimeControl "600"]
[WhiteClock "0:02:38"]
[BlackClock "0:06:45"]

1. e4 c5 2. Nf3 e6 3. d4 cxd4 4. Nxd4 Nc6 5. Nc3 a6 6. g3 d6 7. Bg2 Bd7 8. O-O Be7 9. Nde2 Nf6 10. b3 O-O 11. Bb2 b5 12. a3 Rc8 13. Qd2 Qb6 14. h3 Rcd8 15. Rad1 Bc8 16. Kh2 a5 17. Nd4 Nxd4 18. Qxd4 Qb8 19. Rfe1 Ba6 20. Rd2 Rc8 21. Kg1 Rc5 22. Nd5 exd5 23. exd5 Re8 24. Rde2 Bf8 25. Rxe8 Nxe8 0-1

[Event "CCT Chessable Masters Play-In 2025"]
[Site "Online"]
[Date "2025.02.17"]
[Round "2.73"]
[White "Lie, Kjetil A."]
[Black "Bilguun, Sumiya"]
[Result "0-1"]
[ECO "A37"]
[WhiteElo "2489"]
[BlackElo "2460"]
[PlyCount "96"]
[EventDate "2025.02.13"]
[EventType "swiss"]
[EventCountry "NET"]
[TimeControl "600"]
[WhiteClock "0:00:40"]
[BlackClock "0:00:13"]

1. c4 c5 2. Nc3 g6 3. g3 Bg7 4. Bg2 Nc6 5. a3 a5 6. Nf3 e5 7. d4 cxd4 8. Nb5 d6 9. e3 Nf6 10. exd4 e4 11. Ng5 O-O 12. O-O Bf5 13. Re1 Re8 14. h3 h5 15. Bf4 Bf8 16. c5 Nd5 17. Qb3 dxc5 18. dxc5 a4 19. Qa2 Ne5 20. Red1 Nxf4 21. Rxd8 Ne2+ 22. Kf1 Raxd8 23. Kxe2 Bh6 24. h4 Bxg5 25. hxg5 Be6 26. Qb1 Bc4+ 27. Ke3 Bxb5 28. Bf1 Ng4+ 29. Kf4 Rd5 30. Qxe4 Rxe4+ 31. Kxe4 Bc6 32. Bb5 Nxf2+ 33. Ke3 Ng4+ 34. Ke4 Re5+ 35. Kd4 Bxb5 36. Kc3 Bc6 37. Kb4 Re4+ 38. Ka5 Ne5 39. Kb6 Nc4+ 40. Kc7 Re7+ 41. Kb8 Ne5 42. Rd1 Nd7+ 43. Kc8 Nxc5 44. Rc1 Ne6 45. Kb8 Re8+ 46. Ka7 Kf8 47. Kb6 Ke7 48. Rd1 Ra8 0-1

[Event "CCT Chessable Masters Play-In 2025"]
[Site "Online"]
[Date "2025.02.17"]
[Round "2.74"]
[White "Gurevich, Dmitry"]
[Black "Smirnov, Pavel"]
[Result "0-1"]
[ECO "E48"]
[WhiteElo "2347"]
[BlackElo "2476"]
[PlyCount "88"]
[EventDate "2025.02.13"]
[EventType "swiss"]
[EventCountry "NET"]
[TimeControl "600"]
[WhiteClock "0:00:45"]
[BlackClock "0:04:12"]

1. d4 Nf6 2. c4 e6 3. Nc3 Bb4 4. e3 O-O 5. Bd3 d5 6. cxd5 exd5 7. Nge2 Re8 8. O-O Bd6 9. h3 c6 10. Rb1 a5 11. a3 b6 12. Qc2 Ba6 13. Bxa6 Nxa6 14. Bd2 c5 15. Nb5 Bf8 16. dxc5 bxc5 17. Rfd1 Qb6 18. a4 Nb4 19. Bxb4 axb4 20. Nf4 Rad8 21. b3 g6 22. Rbc1 Qb8 23. g3 h5 24. h4 Qe5 25. Na7 Ra8 26. Nb5 Red8 27. Nd3 Qf5 28. Nf4 Qe5 29. Nd3 Qf5 30. Nf4 Qg4 31. Qe2 Qxe2 32. Nxe2 Rac8 33. Na7 Rc7 34. Nb5 Rcd7 35. Nf4 Ne4 36. Kg2 Bg7 37. Rd3 Nc3 38. Rc2 c4 39. bxc4 dxc4 40. Rxd7 Rxd7 41. Nxc3 b3 42. Rc1 Bxc3 43. Ne2 b2 44. Rb1 Bf6 0-1

[Event "CCT Chessable Masters Play-In 2025"]
[Site "Online"]
[Date "2025.02.17"]
[Round "2.75"]
[White "Rozum, Ivan"]
[Black "Demidov, Mikhail"]
[Result "1-0"]
[ECO "A42"]
[WhiteElo "2443"]
[BlackElo "2549"]
[PlyCount "167"]
[EventDate "2025.02.13"]
[EventType "swiss"]
[EventCountry "NET"]
[TimeControl "600"]
[WhiteClock "0:00:55"]
[BlackClock "0:01:16"]

1. d4 g6 2. c4 Bg7 3. Nf3 d6 4. g3 Nd7 5. Bg2 e5 6. Nc3 Ne7 7. O-O O-O 8. e4 exd4 9. Nxd4 Nc6 10. Nde2 Nde5 11. b3 Bg4 12. h3 Bf3 13. Bxf3 Nxf3+ 14. Kg2 Nfd4 15. Rb1 Nxe2 16. Nxe2 Qe7 17. f3 f5 18. exf5 Rxf5 19. Bb2 Bxb2 20. Rxb2 Re8 21. Rf2 Re5 22. Nf4 Qf7 23. Rbe2 Rxe2 24. Rxe2 Rxe2+ 25. Qxe2 Ne5 26. Nd5 c6 27. Nc3 Qf5 28. Ne4 Nf7 29. Qd2 Qe5 30. h4 Kg7 31. Kf2 a6 32. Qc3 Qxc3 33. Nxc3 Ne5 34. Ne4 Nf7 35. g4 Kf8 36. f4 h6 37. Ke3 Ke7 38. Ng3 Ke6 39. h5 gxh5 40. Nxh5 d5 41. Ng7+ Kf6 42. Nh5+ Ke6 43. Kd4 dxc4 44. bxc4 b6 45. c5 b5 46. f5+ Ke7 47. Nf4 Kf6 48. Ng6 a5 49. Nf8 Ke7 50. Ng6+ Kf6 51. Nf8 Kg5 52. Nd7 Kf4 53. f6 b4 54. Nb8 a4 55. Nxc6 b3 56. axb3 axb3 57. Kc3 Kxg4 58. Ne5+ Nxe5 59. c6 Nxc6 60. f7 Nd4 61. f8=Q Nf5 62. Qg8+ Kf4 63. Qf7 Kg5 64. Qg8+ Kf4 65. Qxb3 h5 66. Kd3 h4 67. Qb4+ Kg5 68. Ke2 Nh6 69. Kf3 Nf5 70. Qg4+ Kf6 71. Kf4 Ne7 72. Qxh4+ Ke6 73. Qh6+ Kd5 74. Qg5+ Ke6 75. Ke4 Kd6 76. Qf6+ Kd7 77. Ke5 Nc6+ 78. Kd5 Ne7+ 79. Kc5 Nc8 80. Qg7+ Ke8 81. Qc7 Ne7 82. Kd6 Ng6 83. Qg7 Nf8 84. Qe7# 1-0

[Event "CCT Chessable Masters Play-In 2025"]
[Site "Online"]
[Date "2025.02.17"]
[Round "2.76"]
[White "Dvirnyy, Danyyil"]
[Black "Cuenca Jimenez, Jose Fernando"]
[Result "0-1"]
[ECO "C77"]
[WhiteElo "2488"]
[BlackElo "2479"]
[PlyCount "70"]
[EventDate "2025.02.13"]
[EventType "swiss"]
[EventCountry "NET"]
[TimeControl "600"]
[WhiteClock "0:00:56"]
[BlackClock "0:01:27"]

1. e4 e5 2. Nf3 Nc6 3. Bb5 a6 4. Ba4 Nf6 5. d3 b5 6. Bb3 Bc5 7. a4 b4 8. h3 O-O 9. a5 Rb8 10. O-O d6 11. Nbd2 Be6 12. Nc4 h6 13. c3 Ba7 14. Bd2 Nd7 15. Ba4 bxc3 16. Bxc3 Nd4 17. b4 Nxf3+ 18. Qxf3 c5 19. bxc5 Nxc5 20. Bc2 Bxc4 21. dxc4 Ne6 22. Rab1 Bd4 23. Bd2 Qc7 24. Qd3 Rfc8 25. g3 Qc5 26. Kg2 Rxb1 27. Bxb1 Rb8 28. Bc2 Rb2 29. f4 Qc6 30. Rc1 Nc5 31. Qe2 f5 32. fxe5 dxe5 33. Be1 Nxe4 34. Kh2 Ng5 35. h4 Nf3+ 0-1

[Event "CCT Chessable Masters Play-In 2025"]
[Site "Online"]
[Date "2025.02.17"]
[Round "2.77"]
[White "Batsuren, Dambasuren"]
[Black "Grandelius, Nils"]
[Result "0-1"]
[ECO "D07"]
[WhiteElo "2537"]
[BlackElo "2644"]
[PlyCount "56"]
[EventDate "2025.02.13"]
[EventType "swiss"]
[EventCountry "NET"]
[TimeControl "600"]
[WhiteClock "0:01:07"]
[BlackClock "0:05:39"]

1. d4 d5 2. c4 e6 3. Nc3 Nc6 4. Nf3 a6 5. cxd5 exd5 6. Bf4 Nf6 7. e3 Nh5 8. Bg5 Be7 9. Bxe7 Nxe7 10. Bd3 Nf6 11. Qc2 O-O 12. h3 g6 13. g4 Be6 14. Ne5 c5 15. dxc5 d4 16. Ne4 Nxe4 17. Bxe4 dxe3 18. fxe3 Qc7 19. Nd3 Bd5 20. Nf4 Bxe4 21. Qxe4 Qxc5 22. O-O Rae8 23. Rac1 Qb5 24. Qc2 Nc6 25. e4 Re5 26. Nd5 Nd4 27. Qh2 Ne2+ 28. Kg2 Rxd5 0-1

[Event "CCT Chessable Masters Play-In 2025"]
[Site "Online"]
[Date "2025.02.17"]
[Round "2.78"]
[White "Sychev, Klementy"]
[Black "Munkhgal, Gombosuren"]
[Result "0-1"]
[ECO "C45"]
[WhiteElo "2542"]
[BlackElo "2406"]
[PlyCount "82"]
[EventDate "2025.02.13"]
[EventType "swiss"]
[EventCountry "NET"]
[TimeControl "600"]
[WhiteClock "0:00:23"]
[BlackClock "0:03:02"]

1. e4 e5 2. Nf3 Nc6 3. d4 exd4 4. Nxd4 Qf6 5. Ne2 Bc5 6. Nf4 Ne5 7. Nc3 c6 8. Be2 g5 9. Nh3 h6 10. f4 gxf4 11. Nxf4 Ne7 12. Na4 Bb4+ 13. c3 Bd6 14. O-O Bc7 15. Nh5 Qg6 16. Kh1 d6 17. Rf6 Qxe4 18. Rxd6 Qh4 19. Bf4 N7g6 20. Bg3 Qe7 21. Rd4 b5 22. Bf3 bxa4 23. Bxc6+ Nxc6 24. Bxc7 Nxd4 25. Qxa4+ Kf8 26. Qxd4 Qxc7 27. Qg7+ Ke7 28. Qf6+ Kf8 29. Qg7+ Ke7 30. Qf6+ Ke8 31. Re1+ Be6 32. Ng7+ Kd7 33. Nxe6 Qd6 34. Qxf7+ Ne7 35. h3 Rhg8 36. b4 Rae8 37. Re4 Qd1+ 38. Kh2 Qd6+ 39. Kh1 Kc8 40. Ng7 Ref8 41. Qxe7 Rf1# 0-1

[Event "CCT Chessable Masters Play-In 2025"]
[Site "Online"]
[Date "2025.02.17"]
[Round "2.79"]
[White "Meshkovs, Nikita"]
[Black "Zhukova, Natalia"]
[Result "1-0"]
[ECO "D03"]
[WhiteElo "2531"]
[BlackElo "2306"]
[PlyCount "79"]
[EventDate "2025.02.13"]
[EventType "swiss"]
[EventCountry "NET"]
[TimeControl "600"]
[WhiteClock "0:02:12"]
[BlackClock "0:01:21"]

1. d4 d5 2. Nf3 Nf6 3. c3 e6 4. Bg5 Nbd7 5. Nbd2 c5 6. e3 h6 7. Bh4 Bd6 8. Bb5 O-O 9. O-O Qb6 10. Bxd7 Nxd7 11. c4 Qxb2 12. Qa4 Nb6 13. Qa5 Nxc4 14. Nxc4 dxc4 15. dxc5 b6 16. cxb6 Qxb6 17. Qa4 Qa6 18. Qc2 Bb7 19. Rfd1 Bxf3 20. gxf3 Rfc8 21. Rac1 Ba3 22. Rb1 c3 23. Rd3 Bb2 24. Rbd1 Qxa2 25. Rd7 Rab8 26. Rxf7 Kxf7 27. Rd7+ Kg8 28. Bf6 e5 29. Rxg7+ Kf8 30. Qh7 Qb1+ 31. Qxb1 c2 32. Qa2 c1=Q+ 33. Kg2 Qc4 34. Qxa7 Qe6 35. Rg6 Qf7 36. Bg7+ Kg8 37. Qa6 Kh7 38. Rg3 e4 39. Qxh6+ Kg8 40. Qh8# 1-0

[Event "CCT Chessable Masters Play-In 2025"]
[Site "Online"]
[Date "2025.02.17"]
[Round "2.80"]
[White "Yang, Kaiqi"]
[Black "Mendonca, Leon Luke"]
[Result "0-1"]
[ECO "A30"]
[WhiteElo "2481"]
[BlackElo "2641"]
[PlyCount "66"]
[EventDate "2025.02.13"]
[EventType "swiss"]
[EventCountry "NET"]
[TimeControl "600"]
[BlackClock "0:03:07"]

1. c4 b6 2. Nf3 Bb7 3. g3 c5 4. Bg2 g6 5. O-O Bg7 6. Nc3 Nf6 7. Re1 Ne4 8. Qc2 Nxc3 9. bxc3 O-O 10. e4 Nc6 11. d3 d6 12. Nh4 e6 13. f4 Qd7 14. Bd2 Rae8 15. Re2 f5 16. Rae1 Nd8 17. exf5 gxf5 18. Bxb7 Nxb7 19. Nf3 Bf6 20. d4 d5 21. Ne5 Bxe5 22. Rxe5 dxc4 23. Be3 Nd8 24. dxc5 Nc6 25. Bd4 Nxe5 26. Rxe5 bxc5 27. Rxc5 Rb8 28. Qe2 Rb1+ 29. Kg2 Qb7+ 30. Kh3 Qf7 31. Qe5 Qh5+ 32. Kg2 Rb2+ 33. Kg1 Qd1+ 0-1

[Event "CCT Chessable Masters Play-In 2025"]
[Site "Online"]
[Date "2025.02.17"]
[Round "2.81"]
[White "Onyshchuk, Volodymyr"]
[Black "Mikhalevski, Victor"]
[Result "0-1"]
[ECO "C78"]
[WhiteElo "2610"]
[BlackElo "2506"]
[PlyCount "110"]
[EventDate "2025.02.13"]
[EventType "swiss"]
[EventCountry "NET"]
[TimeControl "600"]
[BlackClock "0:01:33"]

1. e4 e5 2. Nf3 Nc6 3. Bb5 a6 4. Ba4 Nf6 5. d3 b5 6. Bb3 Bc5 7. O-O d6 8. c3 O-O 9. Nbd2 Bb6 10. h3 Ne7 11. Re1 Ng6 12. Nf1 Re8 13. Ng3 h6 14. d4 c5 15. d5 c4 16. Bc2 a5 17. Nh2 Bc5 18. Nhf1 a4 19. a3 Qb6 20. Ne3 Nf4 21. Rf1 g6 22. Qf3 Nh7 23. Ng4 Ng5 24. Nf6+ Kh8 25. Qd1 Bxf2+ 26. Kh2 Rf8 27. Nh1 Be3 28. h4 Nh7 29. Nxh7 Kxh7 30. g3 Nh5 31. Qf3 Bxc1 32. Raxc1 f5 33. g4 Nf4 34. exf5 gxf5 35. Ng3 Qd8 36. g5 hxg5 37. Qg4 e4 38. Qxg5 Qxg5 39. hxg5 Nd3 40. Bxd3 exd3 41. Nh5 Kg6 42. Nf4+ Kxg5 43. Rce1 Ra7 44. Kg3 Rh7 45. Rg1 Kf6 46. Kf3 Rh6 47. Rg2 Rfh8 48. Reg1 Rh1 49. Rg6+ Ke5 50. Ke3 Rxg1 51. Rxg1 Rh2 52. Rg8 Bd7 53. Rg7 Bc8 54. Rg8 Bb7 55. Rf8 d2 0-1

[Event "CCT Chessable Masters Play-In 2025"]
[Site "Online"]
[Date "2025.02.17"]
[Round "2.82"]
[White "Zarnicki, Pablo"]
[Black "Chirila, Ioan-Cristian"]
[Result "0-1"]
[ECO "B51"]
[WhiteElo "2514"]
[BlackElo "2506"]
[PlyCount "72"]
[EventDate "2025.02.13"]
[EventType "swiss"]
[EventCountry "NET"]
[TimeControl "600"]
[WhiteClock "0:05:17"]
[BlackClock "0:04:07"]

1. e4 c5 2. Nf3 d6 3. Bb5+ Nc6 4. O-O Nf6 5. Re1 Bd7 6. c3 a5 7. d4 e6 8. d5 Ne5 9. Bxd7+ Qxd7 10. Nxe5 dxe5 11. c4 exd5 12. exd5 Bd6 13. Bg5 Qf5 14. Bxf6 Qxf6 15. Nc3 O-O 16. Qb3 Qe7 17. Re2 f5 18. Rae1 e4 19. g3 h5 20. f3 Be5 21. Nb5 h4 22. fxe4 hxg3 23. exf5 gxh2+ 24. Kh1 Rxf5 25. d6 Qf6 26. Qh3 Rf8 27. Rxh2 Bxh2 28. Kxh2 Rf2+ 29. Kh1 Rf1+ 30. Rxf1 Qxf1+ 31. Qxf1 Rxf1+ 32. Kg2 Rd1 33. Kf3 Kf7 34. Ke2 Rb1 35. Nc7 Rxb2+ 36. Ke3 Rxa2 0-1

[Event "CCT Chessable Masters Play-In 2025"]
[Site "Online"]
[Date "2025.02.17"]
[Round "2.83"]
[White "Vetokhin, Savva"]
[Black "Pultinevicius, Paulius"]
[Result "0-1"]
[ECO "D36"]
[WhiteElo "2533"]
[BlackElo "2566"]
[PlyCount "88"]
[EventDate "2025.02.13"]
[EventType "swiss"]
[EventCountry "NET"]
[TimeControl "600"]
[WhiteClock "0:03:07"]
[BlackClock "0:04:22"]

1. d4 Nf6 2. c4 e6 3. Nc3 d5 4. cxd5 exd5 5. Bg5 c6 6. e3 h6 7. Bh4 Be7 8. Bd3 O-O 9. Nf3 Re8 10. Qc2 Nbd7 11. h3 Ne4 12. Bxe4 Bxh4 13. Bh7+ Kh8 14. Nxh4 Qxh4 15. g3 Qxd4 16. O-O Qf6 17. Bf5 Ne5 18. Bxc8 Raxc8 19. Rad1 h5 20. h4 g6 21. Ne2 Kg7 22. Nf4 Rh8 23. Kg2 Rhd8 24. Rd4 Nc4 25. Qe2 Nd6 26. Rfd1 Nf5 27. R4d3 Re8 28. Qf3 Qxb2 29. Rb3 Qxa2 30. Rxb7 Rxe3 31. Nxh5+ Kf8 32. Qf4 Qe2 33. Rdb1 Re4 34. Qg5 Qxh5 35. Qf6 Re7 36. Rb8 Rxb8 37. Rxb8+ Re8 38. Rb7 Ne7 39. Rxa7 Qf5 40. Qh8+ Ng8 41. Qc3 Qe4+ 42. Kh2 d4 43. Qc4 Nh6 44. Qc5+ Kg8 0-1

[Event "CCT Chessable Masters Play-In 2025"]
[Site "Online"]
[Date "2025.02.17"]
[Round "3.1"]
[White "Vachier-Lagrave, Maxime"]
[Black "Pichot, Alan"]
[Result "1/2-1/2"]
[ECO "C78"]
[WhiteElo "2729"]
[BlackElo "2613"]
[PlyCount "177"]
[EventDate "2025.02.13"]
[EventType "swiss"]
[EventCountry "NET"]
[TimeControl "600"]
[WhiteClock "0:01:03"]
[BlackClock "0:00:21"]

1. e4 e5 2. Nf3 Nc6 3. Bb5 a6 4. Ba4 Nf6 5. O-O b5 6. Bb3 Bc5 7. c3 d6 8. d4 Bb6 9. a4 Rb8 10. a5 Ba7 11. h3 Bb7 12. Re1 O-O 13. Be3 exd4 14. cxd4 Nb4 15. d5 Bxe3 16. Rxe3 c5 17. Na3 Re8 18. Qe1 Nd7 19. Nc2 Nxc2 20. Bxc2 Qf6 21. Rb1 Re7 22. Qc3 Rbe8 23. Nd2 Qxc3 24. bxc3 f5 25. c4 b4 26. Ba4 Bc8 27. Rbe1 f4 28. R3e2 Ne5 29. Bxe8 Rxe8 30. Rb1 Bd7 31. Ree1 Ba4 32. f3 Bc2 33. Rb2 Nd3 34. Rxc2 Nxe1 35. Rb2 Nd3 36. Rc2 Ne5 37. Nb3 g5 38. Kf2 Kf7 39. Ke2 Kf6 40. Rc1 h5 41. Nd2 Rg8 42. Rh1 Rb8 43. Rb1 Rg8 44. Rh1 Kg6 45. Rf1 Rf8 46. Rh1 Rb8 47. Rb1 Rb7 48. Rb3 Rh7 49. Rb1 Rh8 50. Rh1 Kf6 51. Rf1 Rb8 52. Rb1 Rb7 53. Rb3 Rg7 54. Rb1 g4 55. hxg4 hxg4 56. Rh1 gxf3+ 57. gxf3 Rg2+ 58. Kd1 b3 59. Rh6+ Rg6 60. Rh8 Rg1+ 61. Ke2 b2 62. Rb8 Nxc4 63. Nxc4 b1=Q 64. Rxb1 Rxb1 65. Nxd6 Rb2+ 66. Kd3 Rb3+ 67. Ke2 Re3+ 68. Kf2 Rc3 69. Ke2 c4 70. Kd2 Rd3+ 71. Kc2 Rxf3 72. Nxc4 Rf1 73. e5+ Ke7 74. Kd3 f3 75. Ke3 f2 76. Nb6 Ra1 77. Kxf2 Rxa5 78. Ke3 Rb5 79. d6+ Ke6 80. Nc4 a5 81. Kd4 a4 82. Kc3 Rb3+ 83. Kc2 Rb5 84. Kc3 Rxe5 85. Nxe5 Kxd6 86. Nc4+ Kc5 87. Na3 Kb6 88. Kb4 Kb7 89. Kxa4 1/2-1/2

[Event "CCT Chessable Masters Play-In 2025"]
[Site "Online"]
[Date "2025.02.17"]
[Round "3.2"]
[White "Duda, Jan-Krzysztof"]
[Black "Bluebaum, Matthias"]
[Result "1-0"]
[ECO "C02"]
[WhiteElo "2739"]
[BlackElo "2643"]
[PlyCount "139"]
[EventDate "2025.02.13"]
[EventType "swiss"]
[EventCountry "NET"]
[TimeControl "600"]
[WhiteClock "0:01:46"]
[BlackClock "0:00:13"]

1. e4 e6 2. d4 d5 3. e5 c5 4. c3 Nc6 5. Nf3 Nge7 6. Na3 Bd7 7. Nc2 Qa5 8. Bd3 Nxd4 9. Ncxd4 cxd4 10. Nxd4 Nc6 11. Nxc6 Bxc6 12. O-O d4 13. cxd4 Qd5 14. Qg4 h5 15. Qh3 Qxd4 16. Bg5 Qg4 17. Qxg4 hxg4 18. Be2 Be7 19. Bxe7 Kxe7 20. Bxg4 Rhd8 21. Rfd1 Rxd1+ 22. Rxd1 Bd5 23. a3 a5 24. h4 b5 25. Be2 b4 26. Rc1 bxa3 27. bxa3 Ra7 28. Bb5 a4 29. Rc8 f5 30. h5 Rb7 31. Bxa4 Ra7 32. Be8 Rxa3 33. Bg6 Ra8 34. Rc7+ Kf8 35. Kh2 Bb3 36. Kg3 Ba4 37. Rf7+ Kg8 38. Re7 Bb3 39. f3 Kf8 40. Rf7+ Kg8 41. Kf4 Rf8 42. Re7 Rb8 43. Kg5 Bd5 44. Rc7 Ra8 45. Rd7 Rb8 46. Bxf5 exf5 47. Rxd5 Rb2 48. g3 Rb3 49. Kg6 Kf8 50. e6 Ke7 51. Rxf5 Kxe6 52. Rf7 Rb5 53. g4 Ra5 54. f4 Ra4 55. g5 Rb4 56. f5+ Kd5 57. Kxg7 Ke4 58. g6 Rb6 59. h6 Rb8 60. h7 Ra8 61. f6 Re8 62. Rf8 Re7+ 63. fxe7 Ke5 64. e8=Q+ Kd6 65. Qe3 Kd5 66. Rf2 Kc4 67. h8=Q Kb5 68. Kf6 Ka4 69. Rb2 Ka5 70. Qa8# 1-0

[Event "CCT Chessable Masters Play-In 2025"]
[Site "Online"]
[Date "2025.02.17"]
[Round "3.3"]
[White "Nihal Sarin"]
[Black "Puranik, Abhimanyu"]
[Result "1/2-1/2"]
[ECO "A48"]
[WhiteElo "2687"]
[BlackElo "2636"]
[PlyCount "132"]
[EventDate "2025.02.13"]
[EventType "swiss"]
[EventCountry "NET"]
[TimeControl "600"]
[WhiteClock "0:00:08"]
[BlackClock "0:00:12"]

1. d4 Nf6 2. Nf3 g6 3. Bg5 Bg7 4. Nbd2 O-O 5. e3 d6 6. Bc4 Nc6 7. O-O h6 8. Bh4 e5 9. c3 Qe8 10. b4 Kh8 11. a4 Nh5 12. e4 exd4 13. Nxd4 Nxd4 14. cxd4 Bxd4 15. Rc1 Bg7 16. Re1 Be6 17. Bxe6 Qxe6 18. Rxc7 Rac8 19. Rxb7 Nf4 20. Nf3 Bc3 21. Re3 Bb2 22. Qd2 Bc1 23. Qd4+ Kg8 24. Re1 Rc4 25. Qf6 Qg4 26. Bg3 Nd3 27. h3 Qc8 28. Bxd6 Bb2 29. e5 Nxe1 30. Bxf8 Nxf3+ 31. gxf3 Qxf8 32. Rxa7 Rxb4 33. Rd7 Rd4 34. Rb7 Rd2 35. Qf4 Rd4 36. Qf6 Rb4 37. Rd7 Rb8 38. a5 Re8 39. f4 Qg7 40. Qb6 Bc1 41. e6 Be3 42. fxe3 Qa1+ 43. Kf2 Rxe6 44. Qd4 Qxd4 45. Rxd4 Ra6 46. Ra4 Kg7 47. h4 Kf6 48. e4 g5 49. hxg5+ hxg5 50. fxg5+ Kxg5 51. Ke3 f5 52. e5 Re6 53. Kd4 Ra6 54. Kc5 f4 55. Kb5 Re6 56. Re4 Kf5 57. Re1 f3 58. Rf1 Rxe5+ 59. Kb6 Kf4 60. a6 Kg3 61. a7 Re8 62. Re1 Ra8 63. Kb7 Rxa7+ 64. Kxa7 f2 65. Rf1 Kg2 66. Rxf2+ Kxf2 1/2-1/2

[Event "CCT Chessable Masters Play-In 2025"]
[Site "Online"]
[Date "2025.02.17"]
[Round "3.4"]
[White "Anton Guijarro, David"]
[Black "Giri, Anish"]
[Result "1/2-1/2"]
[ECO "B51"]
[WhiteElo "2668"]
[BlackElo "2728"]
[PlyCount "92"]
[EventDate "2025.02.13"]
[EventType "swiss"]
[EventCountry "NET"]
[TimeControl "600"]
[WhiteClock "0:01:32"]
[BlackClock "0:02:14"]

1. e4 c5 2. Nf3 d6 3. Bb5+ Nd7 4. Ba4 Ngf6 5. O-O e6 6. d3 Be7 7. c4 O-O 8. Nc3 b6 9. h3 Bb7 10. Qe2 Ne5 11. Nxe5 dxe5 12. f4 exf4 13. Bxf4 Nd7 14. e5 a6 15. Rad1 b5 16. Bc2 Nb8 17. cxb5 axb5 18. d4 cxd4 19. Ne4 Nc6 20. Nf6+ Bxf6 21. exf6 Qxf6 22. Bd6 Qg5 23. Bxf8 Rxf8 24. Be4 Ba8 25. a3 g6 26. Bxc6 Bxc6 27. Rxd4 h5 28. Qd2 Qxd2 29. Rxd2 Kg7 30. Rc1 Bd5 31. Rc5 Rb8 32. Rd4 Ba8 33. Rb4 Rd8 34. Rc2 Rd5 35. b3 g5 36. a4 bxa4 37. bxa4 Kg6 38. Rb8 Ra5 39. Ra2 Bc6 40. Rb4 h4 41. Kf2 f6 42. Ke3 e5 43. Kf2 Kf5 44. Ke3 Kg6 45. Kf2 Kf5 46. Ke3 Kg6 1/2-1/2

[Event "CCT Chessable Masters Play-In 2025"]
[Site "Online"]
[Date "2025.02.17"]
[Round "3.5"]
[White "Tabatabaei, M. Amin"]
[Black "Ivic, Velimir"]
[Result "1-0"]
[ECO "E14"]
[WhiteElo "2666"]
[BlackElo "2622"]
[PlyCount "79"]
[EventDate "2025.02.13"]
[EventType "swiss"]
[EventCountry "NET"]
[TimeControl "600"]
[WhiteClock "0:00:46"]
[BlackClock "0:00:09"]

1. d4 d5 2. Nf3 Nf6 3. e3 e6 4. Nbd2 b6 5. b3 Bb7 6. Bb2 Nbd7 7. Bd3 Bd6 8. O-O O-O 9. c4 Qe7 10. Rc1 c5 11. cxd5 exd5 12. Qe2 a6 13. Rfd1 Rfe8 14. a4 Ne4 15. Nf1 h5 16. dxc5 bxc5 17. N3d2 Nef6 18. Ng3 g6 19. Nf3 Ng4 20. Re1 h4 21. Nf1 Nge5 22. h3 d4 23. N1d2 Nxd3 24. Qxd3 Ne5 25. Nxe5 Qxe5 26. f4 Qh5 27. Nc4 Bc7 28. Rcd1 Rad8 29. exd4 Qd5 30. Re2 Bxf4 31. Rf1 Bg3 32. Ne3 Qe4 33. Qc4 Bf4 34. Rxf4 Qxf4 35. Rf2 Qc7 36. Qc1 f5 37. d5 Re5 38. Bxe5 Qxe5 39. Nc4 Qxd5 40. Rd2 1-0

[Event "CCT Chessable Masters Play-In 2025"]
[Site "Online"]
[Date "2025.02.17"]
[Round "3.6"]
[White "Martirosyan, Haik M."]
[Black "Le, Tuan Minh"]
[Result "1-0"]
[ECO "D13"]
[WhiteElo "2645"]
[BlackElo "2598"]
[PlyCount "135"]
[EventDate "2025.02.13"]
[EventType "swiss"]
[EventCountry "NET"]
[TimeControl "600"]
[WhiteClock "0:00:18"]
[BlackClock "0:00:16"]

1. d4 d5 2. c4 c6 3. Nf3 Nf6 4. Nc3 a6 5. cxd5 cxd5 6. Bf4 Nc6 7. e3 Bg4 8. h3 Bxf3 9. Qxf3 e6 10. Bd3 Bd6 11. Bg5 Be7 12. O-O O-O 13. Rac1 Rc8 14. Na4 Nd7 15. Bxe7 Qxe7 16. a3 g6 17. Qg3 Rfd8 18. Rfd1 Kf8 19. b4 e5 20. dxe5 Ndxe5 21. Bf1 Kg7 22. Nb6 Rb8 23. Nxd5 Qe6 24. e4 Nd7 25. Re1 Rbc8 26. Rcd1 Nf6 27. Qh4 h6 28. f3 Ne7 29. Nf4 Qe5 30. Nd3 Qd4+ 31. Qf2 Nc6 32. Nc5 Qxf2+ 33. Kxf2 Rc7 34. Rxd8 Nxd8 35. Rd1 Ne6 36. e5 Ng8 37. Rd7 Rxd7 38. Nxd7 Ne7 39. Bc4 Nd8 40. f4 g5 41. g3 gxf4 42. gxf4 Nf5 43. Kf3 Nd4+ 44. Ke4 Nc2 45. f5 Nxa3 46. f6+ Kg6 47. Bd3 Kg5 48. Nc5 Nb5 49. Bxb5 axb5 50. Kd5 Kg6 51. Kd6 Nc6 52. Nd7 Nd4 53. Kc5 Nf3 54. Kxb5 Kf5 55. Kb6 Ke6 56. Kc7 b5 57. Kd8 h5 58. Ke8 h4 59. Nc5+ Kxe5 60. Kxf7 Ng5+ 61. Kg6 Nxh3 62. f7 Nf4+ 63. Kg5 h3 64. f8=Q Nd5 65. Qf5+ Kd4 66. Qd3+ Ke5 67. Qe4+ Kd6 68. Qe6+ 1-0